 Dungeon Crawl Stone Soup version 0.29-a0-925-g0a7a3d12f8 (webtiles) character file.

Game seed: 17466066100850380112

9548 Spectrina the Thaumaturge (level 11, -2/82 HPs)
             Began as a Djinni Venom Mage on July 28, 2022.
             Was a Follower of Yredelemnul.
             Shot with a bolt by an orc warrior (6 damage)
             ... on level 1 of the Orcish Mines on July 29, 2022.
             The game lasted 01:28:06 (6896 turns).

Spectrina the Thaumaturge (Djinni Venom Mage)       Turns: 6896, Time: 01:28:06

Health: -2/82      AC: 11    Str:  7    XL:     11   Next: 76%
Gold:   660        EV:  9    Int: 21    God:    Yredelemnul [*.....] SH:  8 Dex: 14

rFire   + + .      SeeInvis .   r - +2 trident (venom)
rCold   x . .      Faith    .   D - +0 buckler
rNeg    + + .      Spirit   .   B - +0 ring mail
rPois   ∞          Reflect  +   (no helmet)
rElec   .          Harm     .   v - +2 cloak
rCorr   .          Rampage  .   I - +2 pair of gloves
Will    +....                   (boots unavailable)
Stlth   +.........              u - amulet of reflection
HPRegen 0.23/turn               C - ring of positive energy
MPRegen 0.00/turn               J - ring of positive energy

@: mighty, radiating poison, flying, very slightly contaminated, invisible
A: sickness immunity, fire resistance 2, cold vulnerability 1, float, innate
caster, HP casting, extra vitality 1
a: Renounce Religion, Recall Undead Harvest


You were on level 1 of the Orcish Mines.
You worshipped Yredelemnul.
Yredelemnul was aware of your devotion.
You visited 2 branches of the dungeon, and saw 10 of its levels.
You also visited: Ossuary.

You collected 688 gold pieces.
You spent 28 gold pieces at shops.

Inventory:

Hand Weapons
 b - a +0 sling
 f - a +3 morningstar of freezing
 g - a +0 scythe
 r - a +2 trident of venom (weapon)
 t - a +2 trident of protection
Missiles
 F - 5 javelins (quivered)
Armour
 c - a +2 kite shield
 i - a +0 robe
 m - the +1 chain mail of Ablawipe {Regen+ Int+2}
   (You found it on level 4 of the Dungeon)

   Int:       It affects your intelligence (+2).
   Regen:     It increases your rate of health regeneration.
 v - a +2 cloak (worn)
 B - a +0 ring mail (worn)
 D - a +0 buckler (worn)
 I - a +2 pair of gloves (worn)
Magical Staves
 a - a staff of earth
Jewellery
 u - an amulet of reflection (around neck)
 C - a ring of positive energy (left hand)
 J - a ring of positive energy (right hand)
Wands
 e - a wand of flame (12)
 n - a wand of quicksilver (30)
Scrolls
 d - a scroll of blinking
 k - 7 scrolls of teleportation
 o - 2 scrolls of fear
 p - a scroll of fog
 q - 2 scrolls of noise
 y - 2 scrolls of magic mapping
 z - a scroll of immolation
Potions
 j - 5 potions of attraction
 l - a potion of curing
 s - a potion of ambrosia {unknown}
 w - 2 potions of lignification
 x - 4 potions of heal wounds
 A - 2 potions of resistance
 G - a potion of brilliance
Miscellaneous
 H - a tin of tremorstones (2/2)
 K - a piece from Xom's chessboard (15/15)


   Skills:
 + Level 8.7 Fighting
 - Level 2.1 Dodging
 - Level 1.5 Stealth
 * Level 10.2 Spellcasting
 + Level 8.8 Invocations


You had 6 spell levels left.
You knew the following spells:

 Your Spells              Type           Power      Damage    Failure   Level
a - Sting                 Tmut/Pois      100%       1d8       1%          1
e - Hailstorm             Conj/Ice       52%        3d12      4%          4
f - Olgreb's Toxic Radia  Pois           52%        N/A       4%          4
i - Summon Lightning Spi  Summ/Air       52%        N/A       4%          4
m - Mephitic Cloud        Conj/Pois/Air  52%        N/A       1%          3
p - Call Imp              Summ           52%        N/A       1%          2
q - Poisonous Vapours     Pois/Air       100%       N/A       1%          2
r - Gell's Gravitas       Tloc           52%        N/A       1%          3
x - Apportation           Tloc           100%       N/A       1%          1
Your spell library was empty.

Dungeon Overview and Level Annotations

Branches:
Dungeon (9/15)             Temple (0/1) D:5             Orc (1/2) D:9
Ossuary (visited)
   Lair: D:8-11

Altars:
Ashenzari
Elyvilon
Nemelex Xobeh
Ru
Xom
Yredelemnul

Shops:
D:5 !   Orc:1 =

Annotations:
D:8 2 transporters, Zeld's ghost, novice OgFE


Innate Abilities, Weirdness & Mutations

You are immune to sickness and miasma.
You are immune to poison.
Your flesh is very heat resistant. (rF++)
You are vulnerable to cold. (rC-)
You float through the air rather than walking.
You learn spells naturally, not from books.
Your magical power is your life essence.
You have superior vitality. (+4 MHP)


Message History

Unknown command.
You swap places.
Your toxic aura wanes.
You now have 660 gold pieces (gained 65).
Items here: )) [[.
Unknown command.
An orc warrior comes into view. It is wielding a +0 arbalest.
Things that are here:
a +0 club; a +0 scale mail Unknown command.
Casting: Olgreb's Toxic Radiance (dangerous; 4% risk of failure)
Confirm with . or Enter, or press ? or * to list all spells.
Aiming: Poisonous Vapours (safe; 1% risk of failure)
Press: ? - help, Dir - move target, f - orc warrior
Aim: an orc warrior, wielding a +0 arbalest and wearing a +0 chain mail (wandering, unable to see you, ally target, hasn't noticed you) Poisonous vapours surround the orc warrior!
The orc warrior looks as sick as possible!
The orc warrior shouts!
* * * LOW HITPOINT WARNING * * *
Unknown command.
Your lightning spire disappears in a puff of smoke!
Unknown command.
An orc wizard comes into view. It is wielding a +0 dagger.
Found a stone staircase leading down.
The orc warrior shoots a bolt.
You reflect the bolt off an invisible shield around you!
The bolt hits the orc warrior!
The orc wizard casts a spell at your orc warrior zombie.
Your orc warrior zombie appears confused.
There is an entrance to Amperoun's Jewellery Shop here.
Unknown command.
Unknown command.
Casting: Poisonous Vapours (safe; 1% risk of failure)
Confirm with . or Enter, or press ? or * to list all spells.
You begin to radiate toxic energy.
The orc wizard is poisoned.
* * * LOW HITPOINT WARNING * * *
The orc warrior looks as sick as possible!
The orc wizard looks even sicker.
The orc warrior shoots a bolt.
The bolt hits you.
You die...
Your body rises from the dead as a mindless zombie.

.... ...#. ####
#.#.####..##
##).))#)....##
#....#.§§....#
#....#.).).<##
##..#)))#....#
#....)Z)###.##
....#.@)ZZ#.##.#
.......)))#......
.......#)....##.##
........)....#.##
...............
...............
...............#
......> #oo....


You could see an orc warrior (unable to see you, extremely poisoned, ally
target), an orc wizard (unable to see you, very poisoned, ally target) and 3
friendly orc warrior zombies.

Vanquished Creatures
  A two-headed ogre (Orc:1)
  Pikel (D:9)
  Sigmund (D:2)
  A vampire (D:9)
  A steam dragon (D:8)
  7 yaks (D:8)
  The ghost of frimble the Magician, an amateur DsHW (D:6)
  Duvessa (D:6)
  A sky beast (D:7)
  2 ice beasts
  10 orc warriors
  An ogre (D:4)
  A lemure (D:9)
  3 phantoms
  Blork the orc (D:4)
  7 bullfrogs
  An elf zombie (Ossuary)
  A scorpion (D:6)
  2 wights (D:8)
  Dowan (D:6)
  10 killer bees
  A yak zombie (D:8)
  2 howler monkeys (D:9)
  A centaur zombie (Ossuary)
  A bullfrog zombie (D:8)
  A jelly (D:6)
  A human zombie (Ossuary)
  7 orc priests
  2 iguanas
  12 orc wizards
  An ice beast zombie (D:8)
  2 mummies (Ossuary)
  3 gnolls (D:5)
  4 adders
  A river rat (D:6)
  A white imp (D:8)
  2 adder zombies (Ossuary)
  2 worms
  A dart slug (D:4)
  46 orcs
  8 ball pythons
  10 endoplasms
  2 giant cockroaches
  11 goblins
  3 hobgoblins
  3 quokkas (D:1)
  4 bats
  2 frilled lizards (D:1)
  11 hobgoblin zombies (Ossuary)
  A jackal zombie (Ossuary)
  4 kobolds
  9 kobold zombies (Ossuary)
  4 orc zombies
  6 rats
  A rat zombie (Ossuary)
225 creatures vanquished.

Vanquished Creatures (collateral kills)
  An orc high priest (Orc:1)
  A slime creature (D:9)
  A wyvern (D:7)
  3 yaks (D:8)
  A water moccasin (D:7)
  An orc warrior (Orc:1)
  2 ice beasts
  A sky beast (D:7)
  A phantom (D:5)
  A kobold brigand (D:9)
  An elf zombie (Ossuary)
  A scorpion (D:4)
  4 bullfrogs
  7 wights (D:8)
  A killer bee (D:9)
  A howler monkey (D:9)
  2 jellies
  4 orc priests
  2 hounds
  2 iguanas
  3 adders
  A gnoll (D:5)
  A shadow imp (D:7)
  A worm (D:3)
  14 orcs
  A bat (D:2)
  6 endoplasms
  2 goblins (D:4)
  3 hobgoblins
  A kobold (D:9)
  A quokka (D:3)
  An endoplasm zombie (D:4)
  3 hobgoblin zombies (Ossuary)
  2 kobold zombies (Ossuary)
  2 orc zombies
80 creatures vanquished.

Vanquished Creatures (others)
  3 yak zombies (D:8)
  A bullfrog zombie (D:9)
  5 killer bee zombies
  An ogre zombie (D:4)
  2 jelly zombies
  An adder zombie (D:2)
  A bat zombie (D:1)
  A gnoll zombie (D:5)
  4 ball python zombies
  A dart slug zombie (D:4)
  2 endoplasm zombies
  A giant cockroach zombie (D:4)
  2 goblin zombies (D:4)
  A kobold zombie (D:4)
  21 orc zombies
  2 rat zombies
  A withered plant (D:6)
50 creatures vanquished.

Grand Total: 355 creatures vanquished

Notes
Turn   | Place    | Note
-------+----------+-------------------------------------------
     0 | D:1      | Spectrina the Djinni Venom Mage began the quest for the
                  | Orb.
     0 | D:1      | Spectrina set off with the following spells memorised:
                  | Sting, Poisonous Vapours, Mephitic Cloud, Olgreb's Toxic
                  | Radiance.
     0 | D:1      | Reached XP level 1. HP: 15/15 MP: 0/0
    56 | D:1      | Reached XP level 2. HP: 2/21 MP: 0/0
   139 | D:2      | Found a basalt altar of Yredelemnul.
   202 | D:2      | Became a worshipper of Yredelemnul the Dark
   264 | D:1      | Found a faded altar of an unknown god.
   272 | D:1      | Reached skill level 3 in Spellcasting
   449 | D:1      | Reached * piety under Yredelemnul
   516 | D:1      | Reached XP level 3. HP: 8/25 MP: 0/0
   516 | D:1      | Learned a level 1 spell: Apportation
   786 | D:1      | Reached ** piety under Yredelemnul
   934 | D:2      | Reached skill level 1 in Invocations
   934 | D:2      | Reached XP level 4. HP: 2/31 MP: 0/0
  1080 | D:2      | Noticed Sigmund
  1093 | D:2      | Reached skill level 1 in Fighting
  1097 | D:2      | Killed Sigmund
  1098 | D:2      | Reached skill level 4 in Spellcasting
  1098 | D:2      | Reached XP level 5. HP: 7/38 MP: 0/0
  1098 | D:2      | Learned a level 2 spell: Call Imp
  1098 | D:2      | Reached XP level 6. HP: 8/43 MP: 0/0
  1267 | D:2      | Found Ogud's Armour Shoppe.
  1267 | D:2      | You are sucked into a shaft and drop 2 floors!
  1279 | D:4      | Noticed an ogre
  1290 | D:4      | Killed an ogre
  1308 | D:4      | Identified the +1 chain mail of Ablawipe {Regen+ Int+2}
  1444 | D:4      | Reached XP level 7. HP: 32/49 MP: 0/0
  1444 | D:4      | Learned a level 3 spell: Gell's Gravitas
  1487 | D:4      | Found a sacrificial altar of Ru.
  1552 | D:4      | Found a broken altar of Ashenzari.
  1569 | D:4      | Noticed Blork the orc
  1584 | D:4      | Killed Blork the orc
  1933 | D:3      | Reached skill level 5 in Spellcasting
  2156 | D:3      | Upgraded the game from 0.29-a0-923-g6e406bff71 to
                  | 0.29-a0-925-g0a7a3d12f8
  2494 | D:5      | Entered Level 5 of the Dungeon
  2744 | D:5      | Reached XP level 8. HP: 48/58 MP: 0/0
  2804 | D:5      | Found Mies's Distillery.
  2808 | D:5      | Bought 2 potions of degeneration for 28 gold pieces
  2827 | D:5      | Found a sand-covered staircase.
  2835 | Ossuary  | Entered an ossuary
  3254 | D:5      | Found a staircase to the Ecumenical Temple.
  3279 | D:5      | Reached skill level 6 in Spellcasting
  3643 | D:6      | Found a runed translucent door.
  3643 | D:6      | Noticed frimble's ghost (amateur DsHW)
  3653 | D:6      | Reached XP level 9. HP: 47/64 MP: 0/0
  3653 | D:6      | Learned a level 4 spell: Summon Lightning Spire
  3667 | D:6      | Killed frimble's ghost
  3668 | D:6      | Reached skill level 5 in Fighting
  3668 | D:6      | Reached skill level 5 in Invocations
  3671 | D:6      | Found a runed translucent door.
  3885 | D:6      | Found a sparkling altar of Nemelex Xobeh.
  3967 | D:6      | Found a white marble altar of Elyvilon.
  4022 | D:6      | Found a basalt altar of Yredelemnul.
  4060 | D:6      | Reached skill level 7 in Spellcasting
  4297 | D:6      | Noticed Duvessa
  4297 | D:6      | Noticed Dowan
  4305 | D:6      | Killed Dowan
  4309 | D:6      | Killed Duvessa
  4591 | D:7      | Reached XP level 10. HP: 24/72 MP: 0/0
  4859 | D:7      | Reached skill level 8 in Spellcasting
  5008 | D:8      | HP: 3/75 [bullfrog (4)]
  5013 | D:8      | Reached *** piety under Yredelemnul
  5533 | D:8      | Noticed a moth of wrath
  5550 | D:8      | Found a transporter.
  5553 | D:8      | Noticed Zeld's ghost (novice OgFE)
  5564 | D:8      | Found a transporter.
  5653 | D:8      | Reached skill level 9 in Spellcasting
  5716 | D:8      | Reached XP level 11. HP: 14/79 MP: 0/0
  5716 | D:8      | Learned a level 4 spell: Hailstorm
  6153 | D:8      | Found a shimmering altar of Xom.
  6476 | D:9      | Found a staircase to the Orcish Mines.
  6837 | D:9      | Noticed Pikel
  6845 | D:9      | Killed Pikel
  6858 | Orc:1    | Entered Level 1 of the Orcish Mines
  6859 | Orc:1    | Found Amperoun's Jewellery Shop.
  6865 | Orc:1    | Noticed an orc high priest
  6876 | Orc:1    | Killed an orc high priest
  6877 | Orc:1    | Noticed a two-headed ogre
  6879 | Orc:1    | Reached skill level 10 in Spellcasting
  6888 | Orc:1    | Killed a two-headed ogre
  6896 | Orc:1    | Shot with a bolt by an orc warrior

Illustrated notes

Levels and vault maps discovered:
D:1:      amcnicky_arrival_double_pillar, layout_loops_ring,
          hellmonk_ecumenical_altar_run_dry
D:2:      layout_basic, basic_altar, serial_shops, nicolae_shop_trees,
          minmay_cupped, uniq_sigmund
D:3:      layout_basic
D:4:      layout_basic, nicolae_ru_path_of_blood, nicolae_ashenzari_panopticon,
          nicolae_concentric_dashed_squares_wild, uniq_blork_the_orc
D:5:      layout_loops_corners, lemuel_round_altar, minmay_temple_entry_wispy,
          nicolae_ossuary_entry_plus, serial_shops,
          nicolae_shop_advertising_works [nicolae_subvault_shop_adworks]
D:6:      layout_loops_corners, elyvilon_altar_1, yredelemnul_altar_generic,
          mainiacjoe_overflow_24_doors, ebering_ghost_sewer_f, uniq_duvessa
D:7:      layout_cave_pools, hellmonk_bongcloud_opening, kennysheep_dice
D:8:      layout_loops_ring, tgw_xom, gammafunk_ghost_berserking_beasts,
          st_stairs_10
D:9:      layout_gridville, orc_0_dummy, kennysheep_just_a_vault, uniq_pikel
Orc:1:    layout_caves, serial_shops, shop

Skill      XL: |  1  2  3  4  5  6  7  8  9 10 11 |
---------------+----------------------------------+-----
Spellcasting   | 3 4 5 6 7 9 10 | 10.2
Invocations    | 1 2 3 4 6 7 8 |  8.8
Fighting       | 2 3 4 6 7 8 |  8.7
Dodging        | |  2.1
Stealth        | |  1.5

Action                   |  1- 3 |  4- 6 |  7- 9 | 10-12 || total
-------------------------+-------+-------+-------+-------++-------
Melee: Unarmed           |     8 |     6 |       |       ||    14
       Staff             |     2 |       |       |       ||     2
       Trident           |       |       |   109 |    85 ||   194
       Punch             |       |       |     1 |       ||     1
 Fire: Sling             |     4 |    14 |    42 |       ||    60
 Cast: Sting             |    39 |     2 |    16 |     1 ||    58
       Poisonous Vapours |    17 |    12 |    56 |    19 ||   104
       Call Imp          |       |     3 |    36 |     8 ||    47
       Mephitic Cloud    |       |       |     3 |       ||     3
       Gell's Gravitas   |       |       |    25 |     3 ||    28
       Olgreb's Toxic Ra |       |       |    13 |    37 ||    50
       Summon Lightning  |       |       |    10 |    14 ||    24
       Hailstorm         |       |       |       |     4 ||     4
Invok: Recall Undead Har |       |       |     1 |       ||     1
       Dark Bargain      |       |       |       |     1 ||     1
Evoke: Wand              |       |       |       |     4 ||     4
  Use: Potion            |       |     1 |     5 |     9 ||    15
       Scroll            |       |       |    13 |     9 ||    22
Armor: Robe              |     6 |     2 |    35 |       ||    43
       Ring mail         |       |       |    12 |    39 ||    51
Dodge: Dodged            |    12 |     7 |    76 |    37 ||   132
Block: Buckler           |       |       |     2 |    24 ||    26
       Reflection        |       |       |       |     2 ||     2

Table legend: (Time is in decaauts)
 A = Elapsed time spent in this place.
 B = Non-inter-level travel time spent in this place.
 C = Inter-level travel time spent in this place.
 D = Time resting spent in this place.
 E = Time spent auto-exploring this place.
 F = Levels seen in this place.
 G = Mean time per level.
                   A        B        C        D        E       F      G
               +--------+--------+--------+--------+--------+-----+--------+
         Total |   6995 |   6077 |    918 |      0 |      0 |  11 |  635.9 |
       Dungeon |   6649 |   5731 |    918 |      0 |      0 |   9 |  738.8 |
  Orcish Mines |     38 |     38 |      0 |      0 |      0 |   1 |   38.0 |
       Ossuary |    307 |    307 |      0 |      0 |      0 |   1 |  307.0 |
               +--------+--------+--------+--------+--------+-----+--------+

Top non-repeatable levels by time:
     D:5: 926 daAuts
     D:8: 902 daAuts
     D:6: 888 daAuts
     D:4: 738 daAuts
     D:1: 735 daAuts
     D:3: 663 daAuts
     D:2: 645 daAuts
     D:9: 599 daAuts
     D:7: 550 daAuts
 Ossuary: 307 daAuts
   Orc:1: 38 daAuts
